 Dungeon Crawl Stone Soup version 0.32-a0-630-g46d191b0ed (webtiles) character file.

Game seed: 11145841977332571868

226 pascalblue the Conjurer (level 5, -4/28 HPs)
             Began as a Deep Elf Conjurer on Mar 6, 2024.
             Slain by a bullfrog (5 damage)
             ... in a sewer.
             The game lasted 00:09:18 (3503 turns).

pascalblue the Conjurer (Deep Elf Conjurer)         Turns: 3503, Time: 00:09:19

Health: -4/28      AC:  2    Str: 10    XL:     5   Next: 69%
Magic:  10/14      EV: 12    Int: 25    God:
Gold:   99         SH:  0    Dex: 13    Spells: 11/14 levels left

rFire   . . .        p - staff of alchemy
rCold   . . .        (no shield)
rNeg    . . .        a - +0 robe
rPois   +            (no helmet)
rElec   .            (no cloak)
rCorr   .            (no gloves)
SInv    .            (no boots)
Will    .....        o - amulet of faith
Stlth   +            f - +6 ring of strength
HPRegen 0.24/turn    (no ring)
MPRegen 0.14/turn

%: faith
@: very slow
A: no striking features
a: no special abilities


You were in a sewer.
You visited 1 branch of the dungeon, and saw 3 of its levels.
You also visited: Sewer.

You collected 99 gold pieces.

Inventory:

Hand Weapons
 r - a +1 hand axe of freezing
Armour
 a - a +0 robe (worn)
Magical Staves
 p - a staff of alchemy (weapon)
Jewellery
 f - a +6 ring of strength (left hand)
 o - an amulet of faith (around neck)
Wands
 k - a wand of warping (7)
Scrolls
 c - 2 scrolls of enchant weapon {unknown}
 d - a scroll of silence {unknown}
 g - 2 scrolls of poison {unknown}
 i - a scroll of brand weapon {unknown}
 j - a scroll of vulnerability {unknown}
 l - a scroll of identify {unknown}
 n - 2 scrolls of amnesia {unknown}
 s - a scroll of fear {unknown}
Potions
 b - a potion of magic
 e - a potion of brilliance {unknown}
 h - a potion of mutation {unknown}
 m - a potion of ambrosia {unknown}
 q - a potion of resistance {unknown}


   Skills:
 - Level 3.0 Dodging
 - Level 2.4 Stealth
 + Level 5.0 Spellcasting
 * Level 6.7 Conjurations


You had 11 spell levels left.
You knew the following spells:

 Your Spells              Type           Power      Damage    Failure   Level
a - Magic Dart            Conj           100%       1d8       1%          1
b - Searing Ray           Conj           78%        2d7       1%          2

Your spell library contained the following spells:

 Spells                   Type           Power      Damage    Failure   Level
 Fulminant Prism          Conj/Alch      17%        3d10      21%         4
 Iskenderun's Mystic Bla  Conj/Tloc      23%        2d6       21%         4


Dungeon Overview and Level Annotations

Branches:
Dungeon (3/15)              Sewer (1/1)

Altars:
Cheibriados


Message History

Confirm with . or Enter, or press ? or * to list all spells.
Aiming: Searing Ray (safe; 1% risk of failure)
Press: ? - help, Shift-Dir - straight line, f - bullfrog
Aim: a bullfrog (76% to hit)
The searing ray hits the bullfrog.
The bullfrog is lightly wounded.
The searing ray hits the bullfrog!
The bullfrog is moderately wounded. (Press . to maintain the ray.)
The bullfrog hits you. The adder misses you.
Unknown command.
Unknown command.
The adder attacks as it pursues you! The adder barely misses you.
The adder misses you. The bullfrog misses you. The adder bites you.
The bullfrog hits you.
The bullfrog hits you but does no damage.
The bullfrog barely misses you. The bullfrog hits you.
* * * LOW HITPOINT WARNING * * *
The bullfrog misses you. The bullfrog barely misses you. The bullfrog hits you.
* * * LOW HITPOINT WARNING * * *
The bullfrog hits you.
* * * LOW HITPOINT WARNING * * *
The bullfrog closely misses you.
You enter the shallow water.
Moving in this stuff is going to be slow.
The bullfrog attacks as it pursues you! The bullfrog closely misses you.
The bullfrog misses you. The bullfrog closely misses you.
Casting: Searing Ray (safe; 1% risk of failure)
Confirm with . or Enter, or press ? or * to list all spells.
Aiming: Searing Ray (safe; 1% risk of failure)
Press: ? - help, Shift-Dir - straight line, p - bullfrog The searing ray hits the bullfrog.
The bullfrog is heavily wounded.
The searing ray hits the adder.
The adder is heavily wounded. (Press . to maintain the ray.)
The bullfrog hits you but does no damage.
The bullfrog hits you.
You die...

#~~~~.#.~~~.~..~~≈#~.##~.
#.~~..#..##~.~?.~≈##~~#~~
#~~#†~#~.# ~~$$?.~ #~.#~~
#~~#~.#~.# ~~†?(.~ #.~#†~
#~~#~##.~# ~~~.?~~ #.~#~†
#.~#.#~~†# ~~~~.~≈ #.~#~~
#.~#~#∩~S# ~.~.~.≈ #.~#~~
#~†#~#BFF##≈~.~.≈≈##†~#~†
#~~#~###@.# #~~##~~
#..#~~~#.~## ##~.#..~
##.##~~#~~~## ##~~~#~~#
#.~#..##~~~#####†~~##~~#
#∩.#..~#~†~~~~~.~~~#~~~#
#..##~.##.~~.~~~~~##.~##
##.~#~.~##~~~~~~~##~~~#
#.~#.†~†###~~~###~~.~#
##∩##~~~~~#####~.~~~##


You could see 2 bullfrogs, an adder and a giant cockroach.

Vanquished Creatures
  Jessica (D:2)
  5 adders
  A gnoll (D:2)
  3 ribbon worms (D:2)
  14 dart slugs
  2 orcs (D:3)
  16 endoplasms
  11 giant cockroaches
  6 goblins
  4 hobgoblins (D:1)
  2 jackals (D:1)
  4 quokkas
  15 ball pythons
  6 bats
  9 frilled lizards
  4 kobolds
  2 rats (D:1)
105 creatures vanquished.

Notes
Turn   | Place    | Note
-------+----------+-------------------------------------------
     0 | D:1      | pascalblue the Deep Elf Conjurer began the quest for the
                  | Orb.
     0 | D:1      | Reached XP level 1. HP: 10/10 MP: 6/6
     1 | D:1      | Found a snail-covered altar of Cheibriados.
   281 | D:1      | Reached XP level 2. HP: 15/15 MP: 0/8
   284 | D:1      | Learned a level 2 spell: Searing Ray
   901 | D:1      | Reached skill level 5 in Conjurations
   901 | D:1      | Reached XP level 3. HP: 19/19 MP: 6/10
  1761 | D:2      | Reached XP level 4. HP: 24/24 MP: 4/12
  2050 | D:2      | Noticed Jessica
  2053 | D:2      | Killed Jessica
  2504 | D:3      | Found a glowing drain.
  2520 | Sewer    | Entered a sewer
  2526 | Sewer    | Reached skill level 6 in Conjurations
  2635 | Sewer    | Reached XP level 5. HP: 28/28 MP: 9/13
  3341 | Sewer    | Reached skill level 5 in Spellcasting
  3501 | Sewer    | HP: 1/28 [bullfrog (6)]
  3503 | Sewer    | Slain by a bullfrog

Illustrated notes

Levels and vault maps discovered:
D:1:      sevenhm_arrival_forest_fort_small_6, layout_basic,
          minmay_misc_feat_plants, st_stairs_3
D:2:      minmay_evil_eye, layout_basic, uniq_jessica
D:3:      layout_rooms, hellmonk_ecumenical_altar_run_dry,
          cheibrodos_sewer_entry_sluice, gammafunk_ghost_gnarly_gnolls
Sewer:    sewer_frog_island_02

Skill      XL: |  1  2  3  4  5 |
---------------+----------------+-----
Dodging        | 3 |  3.0
Conjurations   | 5 6 |  6.7
Spellcasting   | 4 5 |  5.0
Stealth        | |  2.4

Action                     |  1- 3 |  4- 6 || total
---------------------------+-------+-------++-------
  Melee: Unarmed           |    25 |       ||    25
         Staff             |       |     3 ||     3
   Cast: Magic Dart        |    88 |   128 ||   216
         Searing Ray       |     2 |     4 ||     6
 Armour: Robe              |    26 |    27 ||    53
  Dodge: Dodged            |    37 |    29 ||    66

Table legend: (Time is in decaauts)
 A = Elapsed time spent in this place.
 B = Non-inter-level travel time spent in this place.
 C = Inter-level travel time spent in this place.
 D = Time resting spent in this place.
 E = Time spent auto-exploring this place.
 F = Levels seen in this place.
 G = Mean time per level.
                   A        B        C        D        E       F      G
               +--------+--------+--------+--------+--------+-----+--------+
         Total |   3562 |   3512 |     50 |    216 |   2801 |   4 |  890.5 |
       Dungeon |   2519 |   2469 |     50 |    127 |   2027 |   3 |  839.7 |
         Sewer |   1043 |   1043 |      0 |     89 |    774 |   1 | 1043.0 |
               +--------+--------+--------+--------+--------+-----+--------+

Top non-repeatable levels by time:
     D:2: 1261 daAuts
     D:1: 1223 daAuts
   Sewer: 1043 daAuts
     D:3: 34 daAuts
